 Dungeon Crawl Stone Soup version 0.19-a0-1193-g2641e52 (webtiles) character file.

2184 Duffy the Cleaver (level 9, 0/68 HPs)
             Began as a Mummy Gladiator on Aug 19, 2016.
             Slain by an orc priest
             ... wielding a +0 club
              (2 damage)
             ... on level 6 of the Dungeon.
             The game lasted 00:06:49 (6494 turns).

Duffy the Cleaver (Mummy Gladiator)                 Turns: 6494, Time: 00:06:49

Health: 0/68       AC: 15    Str: 24    XL:     9   Next: 11%
Magic:  9/9        EV:  9    Int:  7    God:
Gold:   371        SH:  0    Dex: 12    Spells: 0 memorised, 8 levels left

rFire  . . .     SeeInvis .     a - +0 war axe
rCold  + . .     Gourm    .     h - +4 chain mail {rF+}
rNeg   + + +     Faith    .     (no shield)
rPois  ∞         Spirit   .     c - +0 helmet
rElec  .         Dismiss  .     (no cloak)
rCorr  .         Reflect  .     (no gloves)
MR     +....     Harm     .     u - +0 pair of boots
Stlth  ..........               (no amulet)
                                v - ring of loudness (curse)
                                t - +2 ring of strength

@: no status effects
A: no food or potions, fire vulnerability, cold resistance 1, negative energy
resistance 3, torment resistance, unbreathing
a: no special abilities


You were on level 6 of the Dungeon.
You were not hungry.

You visited 1 branch of the dungeon, and saw 7 of its levels.

You collected 371 gold pieces.

Inventory:

Hand Weapons
 a - a +0 war axe (weapon)
Missiles
 d - a throwing net (quivered)
 q - 6 tomahawks
Armour
 c - a +0 helmet (worn)
 h - a +4 chain mail of fire resistance (worn)
 u - a +0 pair of boots (worn)
 w - the +5 chain mail of Pandemonium {+Blink Str+3 Int-2 Stlth+}
   (You found it on level 6 of the Dungeon)

   It affects your strength (+3).
   It affects your intelligence (-2).
   It lets you blink.
   It makes you more stealthy.
 A - the +0 chain mail of Abstinence {rElec}
   (You found it on level 6 of the Dungeon)

   It insulates you from electricity.
Jewellery
 m - an uncursed ring of resist corrosion
 o - an uncursed ring of protection from cold
 p - an uncursed ring of flight
 s - an uncursed amulet of harm {unknown}
 t - a +2 ring of strength (left hand)
 v - a cursed ring of loudness (right hand)
Wands
 r - a wand of hasting (0/9)
 y - a wand of digging (13/24)
 z - a wand of flame (30/48)
Scrolls
 b - 2 scrolls of recharging {unknown}
 e - 10 scrolls of identify {unknown}
 f - a scroll of teleportation {unknown}
 g - 3 scrolls of remove curse {unknown}
 i - 2 scrolls of blinking {unknown}
 j - a scroll of magic mapping {unknown}
 k - a scroll of immolation {unknown}
 l - a scroll of fog {unknown}
 n - a scroll of noise {unknown}
 x - 2 scrolls of brand weapon {unknown}


   Skills:
 + Level 5.6 Fighting
 - Level 8.4 Axes
 - Level 1.5 Throwing
 + Level 4.0 Armour
 - Level 2.4 Dodging


You had 8 spell levels left.
You didn't know any spells.

Dungeon Overview and Level Annotations

Branches:
Dungeon (7/15)
 Temple: D:4-7

Altars:
Dithmenos
Makhleb
Nemelex Xobeh
Qazlal
Ru
Vehumet
The Shining One

Shops:
D:6 }

Annotations:
D:5 mistymad's ghost, amateur MfGl


Innate Abilities, Weirdness & Mutations

You do not eat or drink.
Your flesh is vulnerable to fire.
You are immune to poison.
Your flesh is cold resistant. (rC+)
You are immune to negative energy. (rN+++)
You are immune to unholy pain and torment.
You can survive without breathing.


Message History

The orc priest hits you but does no damage.
Something hits you. Something hits you but does no damage.
The orc priest hits you but does no damage.
Something hits you but does no damage.
The orc priest invokes the aid of Beogh against you.
You are unaffected.
You hear some strange, mumbled words.
Something tries to affect you, but you resist.
The orc priest hits you but does no damage.
Something hits you but does no damage. The orc priest barely misses you.
An orc wizard appears from thin air!
Reactivating autopickup.
The orc wizard closely misses you. The orc priest hits you with a club.
The orc wizard points at you and mumbles some strange words.
The puff of flame hits you!
The orc priest hits you but does no damage.
The orc wizard hits you but does no damage.
The orc priest hits you with a club.
You die...

#..............%....
.........######.........
............###.........
............#...........
............#..........(
............#...........
............#...........
......o.....#...........
......o@....'...........
............#...........
..######....#########...
####.# #..# #.# #..# #.#
#... #.# #.## #.# #.#
#.# #.#


You could see an orc priest and an orc wizard.

Vanquished Creatures
  Pikel (D:5)
  Eustachio (D:5)
  A sky beast (D:6)
  2 ice beasts
  A phantom (D:6)
  3 centaurs
  Blork the orc (D:6)
  A giant frog (D:6)
  A howler monkey (D:5)
  A crimson imp (D:5)
  2 hounds
  2 orc priests
  4 orc wizards
  Jessica (D:2)
  A centaur skeleton (D:6)
  Terence (D:2)
  6 worker ants
  A hound skeleton (D:5)
  A worker ant zombie (D:6)
  9 gnolls (D:5)
  8 adders
  A shadow imp (D:5)
  2 worms (D:2)
  3 dart slugs
  3 giant geckos
  17 orcs
  11 bats
  3 giant cockroaches
  14 goblins
  11 hobgoblins
  6 jackals
  12 kobolds
  2 quokkas
  2 ball pythons
  4 giant newts
  4 rats
144 creatures vanquished.

Vanquished Creatures (others)
  4 slaves (D:5)
4 creatures vanquished.

Grand Total: 148 creatures vanquished

Notes
Turn   | Place    | Note
-------+----------+-------------------------------------------
     0 | D:1      | Duffy the Mummy Gladiator began the quest for the Orb.
     0 | D:1      | Reached XP level 1. HP: 16/16 MP: 1/1
   120 | D:2      | Found a shadowy altar of Dithmenos.
   158 | D:2      | Reached skill level 3 in Axes
   158 | D:2      | Reached XP level 2. HP: 12/22 MP: 2/2
   423 | D:2      | Noticed Terence
   453 | D:2      | Killed Terence
   453 | D:2      | Reached XP level 3. HP: 4/27 MP: 3/3
   993 | D:1      | Reached skill level 4 in Axes
  1254 | D:2      | Reached XP level 4. HP: 33/33 MP: 4/4
  1492 | D:2      | Noticed Jessica
  1495 | D:2      | Killed Jessica
  1975 | D:3      | Reached XP level 5. HP: 34/38 MP: 5/5
  2026 | D:3      | Reached skill level 5 in Axes
  2482 | D:4      | Reached XP level 6. HP: 3/44 MP: 6/6
  3116 | D:5      | Entered Level 5 of the Dungeon
  3131 | D:5      | Reached skill level 6 in Axes
  3556 | D:5      | Noticed a slave
  3557 | D:5      | Noticed a slave
  3557 | D:5      | Noticed Pikel
  3557 | D:5      | Noticed a slave
  3558 | D:5      | Noticed a slave
  3590 | D:5      | Killed Pikel
  3590 | D:5      | Reached skill level 7 in Axes
  3590 | D:5      | Reached XP level 7. HP: 33/50 MP: 7/7
  3728 | D:5      | Noticed mistymad's ghost (amateur MfGl)
  4037 | D:5      | Reached skill level 8 in Axes
  4320 | D:5      | Reached XP level 8. HP: 56/56 MP: 8/8
  4458 | D:5      | Reached skill level 1 in Armour
  4949 | D:5      | Noticed Eustachio
  4988 | D:5      | Killed Eustachio
  5195 | D:6      | Found Fuimm's Gadget Boutique.
  5241 | D:6      | Found a radiant altar of Vehumet.
  5508 | D:6      | Found a glowing golden altar of the Shining One.
  5508 | D:6      | Found a burning altar of Makhleb.
  5508 | D:6      | Found a stormy altar of Qazlal.
  5511 | D:6      | Found a sparkling altar of Nemelex Xobeh.
  5513 | D:6      | Found a sacrificial altar of Ru.
  5568 | D:6      | Got a shimmering chain mail
  5712 | D:6      | Identified the +5 chain mail of Pandemonium {+Blink Str+3 Int-2 Stlth+} (You found it on level 6 of the Dungeon)
  5905 | D:6      | Reached skill level 5 in Fighting
  6082 | D:6      | Reached XP level 9. HP: 55/68 MP: 9/9
  6205 | D:6      | Noticed Blork the orc
  6213 | D:6      | Killed Blork the orc
  6224 | D:6      | Got a bloodstained chain mail
  6235 | D:6      | Identified the +0 chain mail of Abstinence {rElec} (You found it on level 6 of the Dungeon)
  6493 | D:6      | HP: 2/68 [orc wizard/puff of flame (5)]
  6494 | D:6      | Slain by an orc priest

Vault maps used:
D:1:      ncdulo_lavacross, st_stairs_13
D:2:      nicolae_dithmenos_shadow_blocks, kennysheep_jessica_study,
          uniq_terence
D:5:      corexii_shantytown, first_bread, uniq_eustachio, uniq_pikel
D:6:      minitemple, serial_shops, shop_coins, uniq_blork_the_orc
D:7:      kennysheep_steamy, grunt_temple_overflow_growth_and_decay

Skill      XL: |  1  2  3  4  5  6  7  8  9 |
---------------+----------------------------+-----
Axes           | 3 4 5 7 8 |  8.4
Armour         | 3 4 |  4.0
Fighting       | 5 |  5.6
Throwing       | |  1.5
Dodging        | |  2.4

Action                   |  1- 3 |  4- 6 |  7- 9 || total
-------------------------+-------+-------+-------++-------
Melee: War axe           |    90 |   307 |   189 ||   586
Throw: Throwing net      |     3 |       |       ||     3
Evoke: Wand              |       |     1 |     2 ||     3
 Stab: Held in net/web   |     1 |       |       ||     1
Armor: Leather armour    |    14 |       |       ||    14
       Chain mail        |    46 |   226 |   211 ||   483
Dodge: Dodged            |    45 |   172 |   122 ||   339
